 Dungeon Crawl Stone Soup version 0.17-a0-1941-gcc30b76 (webtiles) character file.

700 Grim the Fighter (level 7, -5/80 HPs)
             Began as an Ogre Berserker on Sept 30, 2015.
             Was a Believer of Trog.
             Killed by divine providence
             ... invoked by an orc priest
              (16 damage)
             ... on level 5 of the Dungeon.
             The game lasted 00:09:33 (6134 turns).

Grim the Fighter (Ogre Berserker)                   Turns: 6134, Time: 00:09:33

Health: -5/80      AC:  3    Str: 23    XL:     7   Next: 65%
Magic:  7/7        EV: 17    Int:  7    God:    Trog [**....]
Gold:   160        SH:  0    Dex: 15    Spells: 0 memorised, 6 levels left

rFire  + . .     SeeInvis .     a - +0 mace
rCold  . . .     Clarity  +     b - +0 animal skin
rNeg   . . .     SustAt   .     (no shield)
rPois  .         Gourm    .     (helmet restricted)
rElec  .         Spirit   .     (no cloak)
rCorr  .         Warding  .     (gloves unavailable)
rMut   .         Stasis   .     (boots unavailable)
MR     ++...                    f - amulet of clarity
Stlth  ++........               (no ring)
                                j - ring of protection from fire

@: agile, exhausted, regenerating, slowed, very slow, very resistant to hostile
enchantments, unstealthy
A: unfitting armour, tough skin 1
a: Burn Spellbooks, Berserk, Trog's Hand, Renounce Religion


You were on level 5 of the Dungeon.
You worshipped Trog.
Trog was pleased with you.
You were near starving.

You visited 1 branch of the dungeon, and saw 5 of its levels.

You collected 160 gold pieces.

Inventory:

Hand weapons
 a - a +0 mace (weapon)
 u - a +1 flail of holy wrath
Armour
 b - a +0 animal skin (worn)
Jewellery
 f - an amulet of clarity (around neck)
 j - a ring of protection from fire (left hand)
 q - a cursed ring of loudness {unknown}
Magical devices
 n - a wand of magic darts (31)
 r - a wand of digging (6)
Scrolls
 d - a scroll of fog {unknown}
 g - 2 scrolls of identify {unknown}
 h - 2 scrolls of remove curse {unknown}
 k - a scroll of immolation {unknown}
 l - a scroll of enchant armour {unknown}
 p - a scroll of amnesia {unknown}
 t - 2 scrolls of enchant weapon {unknown}
Potions
 e - a potion of curing
 i - 2 potions of agility
 m - a potion of cancellation {unknown}
 o - a potion of magic {unknown}
Comestibles
 c - 7 chunks of flesh
 s - 5 fruits


   Skills:
 * Level 8.0 Fighting
 * Level 7.6 Maces & Flails
 + Level 4.2 Dodging


You had 6 spell levels left.
You didn't know any spells.

Dungeon Overview and Level Annotations

Branches:
Dungeon (5/15)
 Temple: D:4-7

Altars:
Ru

Shops:
D:5 *


Innate Abilities, Weirdness & Mutations

You are too large for most types of armour.
You have tough skin (AC +1).


Message History

Some of the chunks of flesh in your inventory have rotted away.
Read which item? (? for menu, Esc to quit)
Okay, then.
Drink which item? (? for menu, Esc to quit)
It was a potion of agility.
You feel agile all of a sudden. The orc misses you.
Drink which item? (? for menu, Esc to quit)
It was a potion of curing.
You feel better. The orc closely misses you. The orc misses you.
Use which ability?
Your skin crawls.
You feel resistant to hostile enchantments.
You feel slightly more hungry. The orc hits you.
* * * LOW HITPOINT WARNING * * *
The orc closely misses you.
You see here a tomahawk.
The orc priest mumbles some strange prayers to Beogh against you.
Something smites you!
You die...

#.......# #.######
#.⌠...⌠.# #.......
#.......###.######
#...∩...#.........
#.......###.###.## .
#.⌠.))⌠.# #.# #.# >..
#....)..# #.# #.#
.....#######'#### #.# #.#
#..oo.o@...#.#..#.###.##
#....o######...##.#.......
..#.. #.....##.#####)##
.########.##..##.# #.#
..............##.# ###)##
.########.###.##.# #.....
#.........###.....
#..........##.....
#.#####.##.##.....


You could see an orc priest and 3 orcs.

Vanquished Creatures
  An orc warrior (D:5)
  A centaur (D:3)
  The ghost of thewizardguy the Magician, an average DEAE of Sif Muna (D:3)
  A scorpion (D:4)
  An orc priest (D:5)
  A hound (D:4)
  3 orc wizards (D:5)
  2 iguanas
  A worker ant (D:4)
  4 gnolls (D:3)
  8 adders
  2 oozes
  An adder skeleton (D:4)
  2 worms
  2 giant geckos
  7 orcs
  10 hobgoblins
  9 jackals
  2 quokkas
  2 ball pythons
  13 bats
  4 giant newts
  4 goblins
  5 kobolds
  2 quokka skeletons (D:4)
  6 rats
95 creatures vanquished.

Notes
Turn   | Place    | Note
--------------------------------------------------------------
     0 | D:1      | Grim the Ogre Berserker began the quest for the Orb.
     0 | D:1      | Reached XP level 1. HP: 24/24 MP: 1/1
   225 | D:1      | Reached XP level 2. HP: 29/32 MP: 2/2
   858 | D:1      | Reached XP level 3. HP: 40/40 MP: 3/3
  1254 | D:2      | Acquired Trog's second power
  1309 | D:2      | Reached skill level 5 in Fighting
  1536 | D:2      | Reached XP level 4. HP: 50/50 MP: 4/4
  1647 | D:2      | Found a sacrificial altar of Ru.
  1709 | D:2      | Reached skill level 5 in Maces & Flails
  2521 | D:3      | Noticed thewizardguy's ghost (average DEAE)
  2529 | D:3      | Killed thewizardguy's ghost
  2529 | D:3      | Reached XP level 5. HP: 59/59 MP: 5/5
  2668 | D:3      | Noticed a centaur
  2682 | D:3      | Killed a centaur
  2682 | D:3      | Reached skill level 6 in Fighting
  2682 | D:3      | Reached XP level 6. HP: 15/67 MP: 6/6
  4892 | D:4      | You fall through a shaft!
  4892 | D:5      | Entered Level 5 of the Dungeon
  5033 | D:4      | Reached skill level 7 in Fighting
  5195 | D:4      | Reached XP level 7. HP: 69/78 MP: 7/7
  6033 | D:5      | Found Hauqichic's Assorted Antiques.
  6123 | D:5      | HP: 5/118 [orc warrior/hand axe (7)]
  6127 | D:5      | Reached skill level 8 in Fighting
  6128 | D:5      | HP: 4/80 [orc (2)]
  6134 | D:5      | Killed from afar by an orc priest

Vault maps used:
D:1:      lemuel_arrival_tunnels
D:2:      serial_bayou, serial_bayou_lake_a, serial_bayou_pond_d,
          serial_bayou_shore_a, serial_bayou_pond_b, nicolae_ru_path_of_blood
D:4:      first_bread
D:5:      grunt_temple_overflow_open, kennysheep_small_square

Action                   |  1- 3 |  4- 6 |  7- 9 || total
-------------------------+-------+-------+-------++-------
Melee: Mace              |   106 |   174 |    69 ||   349
Invok: Berserk           |     1 |     3 |     4 ||     8
       Trog's Hand       |     1 |     2 |     2 ||     5
  Use: Potion            |       |       |     2 ||     2
  Eat: Chunk             |     3 |    11 |     1 ||    15
       Bread ration      |       |     1 |     1 ||     2
